 Dungeon Crawl Stone Soup version 0.24.0-123-gd5b16e6ec5 (webtiles) character file.

Game seed: 15289845276070058010, levelgen mode: deterministic

289 Destapler the Poker (level 6, -7/56 HPs)
             Began as a Minotaur Fighter on Jan 3, 2020.
             Was an Initiate of Okawaru.
             Shot with an arrow by a centaur (11 damage)
             ... on level 4 of the Dungeon.
             The game lasted 00:06:59 (1853 turns).

Destapler the Poker (Minotaur Fighter)              Turns: 1853, Time: 00:06:59

Health: -7/56      AC:  6    Str: 23    XL:     6   Next: 9%
Magic:  5/5        EV:  7    Int:  5    God:    Okawaru [......]
Gold:   156        SH: 10    Dex:  9    Spells: 5/5 levels left

rFire    . . .     SeeInvis .   a - +1 trident
rCold    + . .     Gourm    .   c - +1 shield
rNeg     . . .     Faith    .   r - +0 scale mail
rPois    .         Spirit   .   (helmet restricted)
rElec    .         Reflect  .   (no cloak)
rCorr    .         Harm     .   (no gloves)
MR       .....                  (no boots)
Stlth    ..........             w - amulet of the acrobat
HPRegen  0.18/turn              x - ring of protection from cold
MPRegen  0.09/turn              (no ring)

@: no status effects
A: retaliatory headbutt, horns 2
a: Renounce Religion


You were on level 4 of the Dungeon.
You worshipped Okawaru.
Okawaru was noncommittal.
You were hungry.

You visited 1 branch of the dungeon, and saw 4 of its levels.

You collected 156 gold pieces.

Inventory:

Hand Weapons
 a - a +1 trident (weapon)
 b - a +0 hunting sling of flaming
Missiles
 i - 132 stones (quivered)
 q - 45 poisoned darts
Armour
 c - a +1 shield (worn)
 r - a +0 scale mail (worn)
Jewellery
 w - an amulet of the acrobat (around neck)
 x - a ring of protection from cold (left hand)
Wands
 v - a wand of random effects (15)
Scrolls
 e - 2 scrolls of enchant weapon
 g - a scroll of remove curse
 h - a scroll of magic mapping
 k - a scroll of fog
 m - a scroll of enchant armour
Potions
 d - a potion of might
 l - a potion of flight
 s - 2 potions of agility
 t - a potion of curing {unknown}
Comestibles
 f - 4 rations
 j - 13 chunks of flesh


   Skills:
 + Level 5.5 Fighting
 * Level 6.5 Polearms
 - Level 3.6 Armour
 - Level 3.6 Shields


You had 5 spell levels left.
You didn't know any spells.
Your spell library was empty.

Dungeon Overview and Level Annotations

Branches:
Dungeon (3/15)

Altars:
Kikubaaqudgha
Okawaru
Wu Jian
Yredelemnul


Innate Abilities, Weirdness & Mutations

You reflexively headbutt those who attack you in melee.
You have a pair of horns on your head.


Message History

The orc completely misses you. You furiously retaliate!
You headbutt the orc!
You kill the orc!
Okawaru accepts your kill.
Attack whom?
Press: ? - help, Dir - move target cursor, f - orc
Aim: an orc, wielding a +0 flail You reach to attack!
You hit the orc.
The orc is heavily wounded.
A centaur comes into view.
You are too injured to fight recklessly!
You closely miss the orc.
The orc is heavily wounded.
The centaur shouts!
The centaur wields a +0 shortbow.
The centaur shoots an arrow.
The arrow hits you!
* * * LOW HITPOINT WARNING * * *
The orc hits you with a +0 flail.
* * * LOW HITPOINT WARNING * * *
The centaur shoots an arrow.
The arrow hits you!
You die...

#.......ยง........,,,,
#................P,,,
#...............PP,,,
#.............#.PP_,,
#...............P.,,,
#....(.....c....PP,,,
#...).............,,,
**####...o)(...^....#.,*,*
*,.......@.)........#,,,,*
*,......###....######,,,,*
*,......#......# *,,,,*
*,....,,#.##...#####*,,,,*
*,...,,,#..'........,,,,,*
*,..,,,,####....###,**,,,*
*,.,,,,,* ##.....#,**,,,*
*,,,,,,,* #.#.###,**,,,*
***+*,,,,,*
##.#.###.#*,,,*


You could see a centaur and an orc.

Vanquished Creatures
  An ogre (D:4)
  An iguana (D:2)
  2 gnolls (D:3)
  6 adders
  3 oozes
  A worm (D:3)
  2 dart slugs
  A leopard gecko (D:1)
  5 orcs
  2 ball pythons
  16 bats
  2 giant cockroaches
  13 goblins
  14 hobgoblins
  A quokka (D:3)
  6 frilled lizards
  A giant cockroach zombie (D:3)
  6 kobolds
  A leopard gecko skeleton (D:4)
  4 rats
88 creatures vanquished.

Notes
Turn   | Place    | Note
-------+----------+-------------------------------------------
     0 | D:1      | Destapler the Minotaur Fighter began the quest for the Orb.
     0 | D:1      | Reached XP level 1. HP: 19/19 MP: 0/0
    67 | D:1      | Reached skill level 3 in Polearms
   292 | D:1      | Reached XP level 2. HP: 27/27 MP: 1/1
   474 | D:1      | Reached XP level 3. HP: 33/33 MP: 2/2
   662 | D:2      | Found an ornate altar of the Wu Jian Council.
   720 | D:2      | Found a faded altar of an unknown god.
   735 | D:2      | Reached skill level 4 in Polearms
   926 | D:2      | Reached XP level 4. HP: 41/41 MP: 3/3
   988 | D:2      | Found an ancient bone altar of Kikubaaqudgha.
  1087 | D:2      | Reached skill level 5 in Polearms
  1269 | D:2      | Found a basalt altar of Yredelemnul.
  1516 | D:3      | Reached XP level 5. HP: 47/47 MP: 4/4
  1635 | D:3      | Reached skill level 5 in Fighting
  1653 | D:3      | Found an iron altar of Okawaru.
  1670 | D:3      | Became a worshipper of Warmaster Okawaru
  1771 | D:3      | You fall into a shaft and drop 1 floor!
  1832 | D:4      | Noticed an ogre
  1844 | D:4      | Reached skill level 6 in Polearms
  1846 | D:4      | Killed an ogre
  1846 | D:4      | Reached XP level 6. HP: 20/56 MP: 5/5
  1853 | D:4      | Shot with an arrow by a centaur

Levels and vault maps discovered:
D:1:      minmay_arrival_stair_chambers, layout_basic
D:2:      minmay_wonky_spiral, layout_rooms, kiku_gazebo_garden_becter,
          nicolae_overflow_crystal_walls, overflow_temple_1_default,
          chequers_ecumenical_altar_island, minmay_tetromino_l2
D:3:      layout_loops_ring, first_ration, okawaru_altar_gauntlet_db
D:4:      layout_basic, serial_shops, nicolae_shop_behind_doors,
          fedhas_bush_and_centaur_altar, uniq_natasha, uniq_edmund

Skill      XL: |  1  2  3  4  5 |
---------------+----------------+-----
Polearms       | 3 4 5 6 |  6.5
Fighting       | 4 5 |  5.5
Armour         | |  3.6
Shields        | |  3.6

Action                   |  1- 3 |  4- 6 || total
-------------------------+-------+-------++-------
Melee: Trident           |    99 |   151 ||   250
       Headbutt          |    16 |    21 ||    37
  Use: Scroll            |       |    10 ||    10
  Eat: Chunk             |       |     3 ||     3
Armor: Scale mail        |    32 |    35 ||    67
Dodge: Dodged            |    25 |    31 ||    56
Block: Shield            |    33 |    65 ||    98
